 Dungeon Sprint DCSS version 0.28-a0-1395-g4f6bc678fa (webtiles) character file.

Game seed: 9188724515973644443

249 rocky1 the Geomancer (level 6, -5/48 HPs)
             Began as a Gargoyle Earth Elementalist on Jan 5, 2022.
             Was an Elder of Sif Muna.
             Killed from afar by an orc wizard (7 damage)
             ... with a puff of flame
             ... in the Dungeon (Sprint VII: "The Pits").
             The game lasted 00:03:26 (921 turns).

rocky1 the Geomancer (Gargoyle Earth Elementalist)   Turns: 921, Time: 00:03:27

Health: -5/48      AC:  8    Str: 12    XL:     6   Next: 12%
Magic:  2/9        EV: 11    Int: 17    God:    Sif Muna [****..]
Gold:   0          SH:  0    Dex: 10    Spells: 5/9 levels left

rFire   . . .      SeeInvis .   m - +0 hand axe (venom)
rCold   . . .      Faith    .   (no shield)
rNeg    + . .      Spirit   .   l - +2 robe {Will+}
rPois   ∞          Reflect  .   (no helmet)
rElec   +          Harm     .   (no cloak)
rCorr   .          Rampage  .   (no gloves)
Will    +....      NoTele   +   (no boots)
Stlth   ..........              (no amulet)
HPRegen 0.16/turn               (no ring)
MPRegen 0.11/turn               (no ring)

@: berserking (expiring), very quick
A: sickness immunity, AC +4, negative energy resistance 1, electricity
resistance, torment resistance 1, petrification resistance
a: Renounce Religion, Channel Magic, Forget Spell, Divine Exegesis


You were in the Dungeon.
You worshipped Sif Muna.
Sif Muna was greatly pleased with you.
You visited 1 branch

Inventory:

Hand Weapons
 m - a +0 hand axe of venom (weapon)
Missiles
 i - 31 stones
Armour
 b - a +0 robe
 l - a +2 robe of willpower (worn)
Scrolls
 h - a scroll of blinking
 j - 5 scrolls of amnesia
 k - a scroll of summoning
Potions
 a - 2 potions of invisibility
 c - 6 potions of curing
 d - 3 potions of heal wounds
 e - a potion of haste
 f - 4 potions of magic
 g - a potion of berserk rage


   Skills:
 - Level 1.5 Dodging
 - Level 2.1 Stealth
 - Level 2.0 Spellcasting
 - Level 0.7 Transmutations
 + Level 14.7 Earth Magic


You had 5 spell levels left.
You knew the following spells:

 Your Spells              Type           Power      Damage    Failure   Level
a - Sandblast             Erth           100%       2d20      1%          1
b - Stone Arrow           Conj/Erth      52%        3d10      2%          3

Your spell library contained the following spells:

 Spells                   Type           Power      Damage    Failure   Level
 Passwall                 Tmut/Erth      22%        N/A       1%          2
 Petrify                  Tmut/Erth      27%        N/A       9%          4


Dungeon Overview and Level Annotations

Branches:
Dungeon (1/1)

Altars:
Ashenzari
Cheibriados
Dithmenos
Elyvilon
Fedhas
Gozag
Hepliaklqana
Kikubaaqudgha
Makhleb
Nemelex Xobeh
Okawaru
Qazlal
Ru
Sif Muna
Trog
Uskayaw
Vehumet
Wu Jian
Xom
Yredelemnul
Zin
The Shining One
Beogh
Jiyva
Lugonu


Innate Abilities, Weirdness & Mutations

You are immune to sickness and miasma.
Your stone body is resilient. (AC +4)
You are immune to poison.
You resist negative energy. (rN+)
You are resistant to electric shocks. (rElec)
You are resistant to unholy torment.
You are immune to petrification.


Message History

You barely miss the orc warrior.
The orc warrior is lightly wounded.
The orc warrior closely misses you.
You barely miss the orc warrior.
The orc warrior is lightly wounded.
The orc warrior completely misses you.
You hit the orc warrior.
The orc warrior is moderately wounded.
The orc warrior hits you but does no damage.
You hit the orc warrior.
The orc warrior is moderately wounded.
The orc warrior hits you with a +0 flail!
You barely miss the orc warrior.
The orc warrior is moderately wounded.
The orc warrior hits you with a +0 flail!!
* * * LOW HITPOINT WARNING * * *
You barely miss the orc warrior.
The orc warrior is moderately wounded.
You slash the orc warrior!
The orc warrior looks as sick as possible!
The orc warrior is severely wounded.
The orc warrior hits you with a +0 flail!
* * * LOW HITPOINT WARNING * * *
You hit the orc warrior.
The orc warrior looks as sick as possible!
The orc warrior is almost dead.
You kill the orc warrior!
Sif Muna accepts your kill.
You can now call upon Sif Muna to cast any spell from your library.
Your Earth Magic skill increases to level 14!
You have reached level 6!
You closely miss something. You slash something!
Something hits you but does no damage.
You barely miss something. Something completely misses you.
You miss something.
The adder hisses angrily.
You hear a shout!
You hear some strange, mumbled words.
A puff of flame appears from out of thin air!
The puff of flame hits you!
You die...

###########
_________.#
_________.#
_______...#########
##########'##.......
#.?..')))'.##......#
##########.##.......
#S{@........'.......
#)#####'#####......#
#.#..#...'.##.......
#.#..#...#.#####'###
#.#..#####)##.......
#o#..'..)#)##.......
#.#..'..)'.##.......
#.#..########...<...
#{#..'.)))[##.......


You could see an adder.

Vanquished Creatures
  2 orc warriors (D)
  An orc priest (D)
  An orc wizard (D)
  5 orcs (D)
  A bat (D)
  A ball python (D)
  A ball python skeleton (D)
  A kobold (D)
  A quokka zombie (D)
  A rat (D)
15 creatures vanquished.

Notes
Turn   | Place    | Note
-------+----------+-------------------------------------------
     0 | D        | rocky1 the Gargoyle Earth Elementalist began the quest for
                  | the Orb.
     0 | D        | Reached XP level 1. HP: 10/10 MP: 3/3
    16 | D        | Reached skill level 4 in Earth Magic
    20 | D        | Found a bloodstained altar of Trog.
    20 | D        | Found a shimmering blue altar of Sif Muna.
    20 | D        | Found a viscous altar of Jiyva.
    20 | D        | Found a hazy altar of Hepliaklqana.
    20 | D        | Found an opulent altar of Gozag.
    21 | D        | Found a glowing golden altar of the Shining One.
    21 | D        | Found a glowing silver altar of Zin.
    21 | D        | Found a basalt altar of Yredelemnul.
    21 | D        | Found a shimmering altar of Xom.
    21 | D        | Found an ornate altar of the Wu Jian Council.
    21 | D        | Found a sacrificial altar of Ru.
    21 | D        | Found a stormy altar of Qazlal.
    21 | D        | Found an iron altar of Okawaru.
    21 | D        | Found a sparkling altar of Nemelex Xobeh.
    21 | D        | Found a burning altar of Makhleb.
    21 | D        | Found a blossoming altar of Fedhas.
    21 | D        | Found a white marble altar of Elyvilon.
    21 | D        | Found a shadowy altar of Dithmenos.
    21 | D        | Found a snail-covered altar of Cheibriados.
    24 | D        | Found a corrupted altar of Lugonu.
    24 | D        | Found a radiant altar of Vehumet.
    25 | D        | Found an ancient bone altar of Kikubaaqudgha.
    25 | D        | Found a hide-covered altar of Uskayaw.
    25 | D        | Found a broken altar of Ashenzari.
    26 | D        | Became a worshipper of Sif Muna the Loreminder
   243 | D        | Reached * piety under Sif Muna
   244 | D        | Reached skill level 5 in Earth Magic
   285 | D        | Noticed an orc wizard
   285 | D        | Noticed an orc priest
   295 | D        | Reached skill level 6 in Earth Magic
   295 | D        | Reached XP level 2. HP: 15/15 MP: 5/5
   302 | D        | Reached ** piety under Sif Muna
   303 | D        | Reached skill level 8 in Earth Magic
   303 | D        | Reached XP level 3. HP: 17/19 MP: 6/6
   309 | D        | Reached skill level 9 in Earth Magic
   309 | D        | Reached XP level 4. HP: 11/24 MP: 7/7
   311 | D        | Reached *** piety under Sif Muna
   338 | D        | Reached skill level 10 in Earth Magic
   867 | D        | Learned a level 3 spell: Stone Arrow
   877 | D        | Noticed a flying skull
   877 | D        | Noticed an orc warrior
   897 | D        | HP: 1/24 [orc warrior (12)]
   900 | D        | Killed an orc warrior
   901 | D        | Reached skill level 13 in Earth Magic
   901 | D        | Reached XP level 5. HP: 13/28 MP: 0/8
   905 | D        | Noticed an orc warrior
   916 | D        | HP: 1/42 [orc warrior (7)]
   917 | D        | Killed an orc warrior
   917 | D        | Reached **** piety under Sif Muna
   918 | D        | Reached skill level 14 in Earth Magic
   918 | D        | Reached XP level 6. HP: 1/32 MP: 1/9
   921 | D        | Killed from afar by an orc wizard

Illustrated notes

Levels and vault maps discovered:
D:        pitsprint [storerooms_1, entrance_room_1, metal_vault_3, armoury_2,
          mini_pit_1, grid_room_1, main_hall_1, silver_pit, the_coven_3,
          the_vestibule_1, steel_vault_3, golden_pit, hallway_of_sentries,
          crystal_vault_1, iron_vault_1, final_vault]

Skill      XL: |  1  2  3  4  5 |
---------------+----------------+-----
Earth Magic    | 6 8 9 13 14 | 14.7
Dodging        | |  1.5
Stealth        | |  2.1
Spellcasting   | |  2.0
Transmutations | |  0.7

Action                   |  1- 3 |  4- 6 || total
-------------------------+-------+-------++-------
Melee: Mace              |     5 |       ||     5
       Unarmed           |     3 |       ||     3
       Hand axe          |    15 |    21 ||    36
 Cast: Sandblast         |     2 |     9 ||    11
  Use: Potion            |     1 |     4 ||     5
Armor: Robe              |     5 |     7 ||    12
Dodge: Dodged            |     8 |    23 ||    31

Table legend: (Time is in decaauts)
 A = Elapsed time spent in this place.
 B = Non-inter-level travel time spent in this place.
 C = Inter-level travel time spent in this place.
 D = Time resting spent in this place.
 E = Time spent auto-exploring this place.
 F = Levels seen in this place.
 G = Mean time per level.
                   A        B        C        D        E       F      G
               +--------+--------+--------+--------+--------+-----+--------+
         Total |    927 |    909 |     18 |    661 |      0 |   1 |  927.0 |
       Dungeon |    927 |    909 |     18 |    661 |      0 |   1 |  927.0 |
               +--------+--------+--------+--------+--------+-----+--------+

Top non-repeatable levels by time:
       D: 927 daAuts
